 Dungeon Crawl Stone Soup version 0.17-a0-1674-g2b13139 (webtiles) character file.

97 Kraetzin the Shooter (level 4, 0/37 HPs)
             Began as a Centaur Hunter on Aug 18, 2015.
             Slain by a wight
             ... wielding a +3 war axe
              (1 damage)
             ... on level 2 of the Dungeon.
             The game lasted 00:10:29 (1628 turns).

Kraetzin the Shooter (Centaur Hunter)               Turns: 1628, Time: 00:10:30

Health: 0/37       AC:  4    Str: 14    XL:     4   Next: 42%
Magic:  4/4        EV:  9    Int: 10    God:
Gold:   132        SH:  0    Dex: 11    Spells: 0 memorised, 3 levels left

rFire  x . .     SeeInvis .     h - +1 spear (venom)
rCold  + . .     Clarity  .     d - +0 leather armour
rNeg   . . .     SustAt   .     (no shield)
rPois  .         Gourm    .     (no helmet)
rElec  .         Spirit   .     (no cloak)
rCorr  .         Warding  .     (no gloves)
rMut   .         Stasis   .     (no barding)
MR     .....                    (no amulet)
Stlth  +.........               (no ring)
                                t - ring of ice

@: very slightly contaminated, drained, very quick, not resistant to hostile
enchantments, very unstealthy
A: hooves 3, deformed body, speed 2, tough skin 3
a: no special abilities


You were on level 2 of the Dungeon.
You were not hungry.

You visited 1 branch of the dungeon, and saw 3 of its levels.

You collected 132 gold pieces.

Inventory:

Hand weapons
 a - a +1 shortbow
 c - a +0 short sword
 h - a +1 spear of venom (weapon)
Missiles
 b - 34 arrows
Armour
 d - a +0 leather armour (worn)
 k - a +0 ring mail
 r - a +0 plate armour
 s - a +2 robe of positive energy
Jewellery
 t - a ring of ice (left hand)
Scrolls
 l - a scroll of blinking
 o - a scroll of teleportation {unknown}
 p - 2 scrolls of amnesia {unknown}
 q - 2 scrolls of remove curse {unknown}
Potions
 i - a potion of degeneration {unknown}
 m - a potion of might {unknown}
 n - a potion of resistance {unknown}
Comestibles
 e - 3 bread rations
 f - 3 chunks of flesh
 g - 3 fruits
 j - 3 meat rations


   Skills:
 + Level 2.5(2.2) Fighting
 * Level 1.0(0.6) Polearms
 + Level 6.3(5.9) Bows
 + Level 1.2(0.9) Armour
 + Level 1.9(1.6) Dodging
 + Level 0.5(0.2) Stealth


You had 3 spell levels left.
You didn't know any spells.

Dungeon Overview and Level Annotations

Branches:
Dungeon (3/15)

Altars:
Okawaru
Xom


Innate Abilities, Weirdness & Mutations

You have hooves in place of feet.
Armour fits poorly on your strangely shaped body.
You cover ground very quickly.
You have extremely tough skin (AC +3).


Message History

The orc barely misses you.
You hit the orc.
The orc is poisoned.
Your kick misses the orc.
The orc is heavily wounded.
The orc hits you.
You kill the orc!
You hit the wight but do no damage. Your kick misses the wight.
The wight hits you with an enchanted war axe.
You hit the wight but do no damage. The wight hits you but does no damage.
You hit the wight. Your kick misses the wight.
The wight is moderately damaged.
You hit the wight. Your kick misses the wight.
The wight is moderately damaged.
The wight hits you with an enchanted war axe!
* * * LOW HITPOINT WARNING * * *
You feel drained.
* * * LOW HITPOINT WARNING * * *
You closely miss the wight.
The wight is moderately damaged.
The wight hits you with an enchanted war axe.
You die...

######### #.......#
#>....z.# #####.####..#
#........#..###########
#....>.)....†.z.#.....#
#.......##..###@#.###.#
#...........# #)#.....#
#........#### #...###.###
#...#....# ###.# #...#
#..###...########.###.#.#
#.## ##..#.....##.....#.####
##.###.#.#.....###.........#
#..#....#.....# #.#.##.##.#
###..##.......###.#.##.##.#


You could see a wight.

Vanquished Creatures
  Jessica (D:2)
  2 adders (D:2)
  A worm (D:2)
  An orc (D:2)
  7 bats
  5 goblins
  6 hobgoblins
  6 jackals
  3 kobolds (D:1)
  A ball python (D:1)
  6 giant cockroaches
  4 giant newts
  4 rats (D:1)
47 creatures vanquished.

Notes
Turn   | Place    | Note
--------------------------------------------------------------
     0 | D:1      | Kraetzin the Centaur Hunter began the quest for the Orb.
     0 | D:1      | Reached XP level 1. HP: 17/17 MP: 1/1
   210 | D:1      | Reached XP level 2. HP: 14/24 MP: 2/2
   674 | D:1      | Reached skill level 6 in Bows
   800 | D:2      | Noticed Jessica
   810 | D:2      | Killed Jessica
   810 | D:2      | Reached XP level 3. HP: 22/29 MP: 3/3
   813 | D:2      | Found an iron altar of Okawaru.
   903 | D:2      | Found a shimmering altar of Xom.
   903 | D:2      | Found a shimmering altar of Xom.
   905 | D:2      | Found a shimmering altar of Xom.
   906 | D:2      | Found a shimmering altar of Xom.
   987 | D:2      | Reached XP level 4. HP: 30/37 MP: 4/4
  1051 | D:2      | Reached skill level 1 in Polearms
  1076 | D:2      | Reached skill level 1 in Armour
  1407 | D:2      | Found a shimmering altar of Xom.
  1627 | D:2      | HP: 1/37 [wight/enchanted war axe (3)]
  1628 | D:2      | Slain by a wight

Vault maps used:
D:1:      minmay_arrival_jagged, serial_glass, glass_columns_a, glass_columns_a
D:2:      okawaru_ov_weapons_minmay, first_bread, xom_redecorated, uniq_jessica
D:3:      wad_woods_pond, old_standard_altar

Action                   |  1- 3 |  4- 6 || total
-------------------------+-------+-------++-------
Melee: Spear             |    74 |    40 ||   114
 Fire: Shortbow          |    26 |     2 ||    28
  Use: Scroll            |     2 |     1 ||     3
  Eat: Chunk             |       |     1 ||     1
